 Dungeon Crawl Stone Soup version 0.31.0-32-g396128a36d (webtiles) character file.

Game seed: 10925290731338938777

455154 AgateBread the Shapeless Troll (level 22, -8/227 HPs)
             Began as a Troll Gladiator on Apr 13, 2024.
             Was the Champion of Cheibriados.
             Killed from afar by a Killer Klown (41 damage)
             ... with a klown pie
             ... on level 5 of the Realm of Zot on Apr 14, 2024.
             The game lasted 04:48:58 (44604 turns).

AgateBread the Shapeless Troll (Troll Gladiator)   Turns: 44604, Time: 04:48:59

Health: -8/227     AC: 19    Str: 50    XL:     22   Next: 97%
Magic:  31/31      EV: 50    Int: 23    God:    Cheibriados [******]
Gold:   2781       SH:  0    Dex: 27    Spells: 21/21 levels left

rFire   + .          .
                       - Unarmed
rCold   . . .        (shield currently unavailable)
rNeg    . . .        A - melded +2 acid dragon scales
rPois   ∞            b - melded +1 hat
rElec   +            U - melded +2 cloak of Jokhan {rN+++}
rCorr   +            (gloves unavailable)
SInv    +            (boots unavailable)
Will    +....        s - amulet of regeneration
Stlth   +++          v - +4 ring of protection
HPRegen 2.17/turn    k - ring of Lesser Demons {*Slow rF+ rCorr Slay+5 SInv}
MPRegen 0.22/turn

%: slow self (1%)
@: storm-form, marked, blinkbolt cooldown, flying, studying Polearms, unable to
drink, very slow
A: cleaving, insubstantial, flying, large, unfitting armour, (claws 3),
regeneration 1, (shaggy fur 1), (tough skin 1), thin skeletal structure 1,
clever 1
}: 3/15 runes: serpentine, barnacled, slimy
a: Blinkbolt, Begin Untransformation, Renounce Religion, Bend Time, Temporal
Distortion, Slouch, Step From Time


You were on level 5 of the Realm of Zot.
You worshipped Cheibriados.
Cheibriados was exalted by your worship.
You were a lightning-filled tempest!
You visited 9 branches of the dungeon, and saw 45 of its levels.
You also visited: Bailey.

You collected 5788 gold pieces.
You spent 3007 gold pieces at shops.

Inventory:

Hand Weapons
 N - the +6 morningstar of Calculation {antimagic, rC++}
   (You found it on level 14 of the Dungeon)

   rC++:      It greatly protects you from cold.
 T - the +9 lance "Wyrmbane" {slay drac, rPois rF+ rC+ AC+3}
   (You took it off Maggie on level 10 of the Dungeon)

   AC+3:      It affects your AC (+3).
   rF+:       It protects you from fire.
   rC+:       It protects you from cold.
   rPois:     It protects you from poison
 W - the +8 trident of the Ass {freeze, rPois Int+3 Dex-5}
   (You took it off a merfolk on level 4 of the Shoals)

   Int+3:     It affects your intelligence (+3).
   Dex-5:     It affects your dexterity (-5).
   rPois:     It protects you from poison
Missiles
 c - 14 throwing nets
Armour
 b - a +1 hat (melded)
 m - +0 gold dragon scales
 t - the +2 faerie dragon scales {rCorr MP+10 Str+2 Int+4 Clar}
   (You took it off the Enchantress on level 3 of the Depths)

   Str+2:     It affects your strength (+2).
   Int+4:     It affects your intelligence (+4).
   MP+10:     It affects your magic capacity (+10).
   Clar:      It protects you from confusion, rage, mesmerisation and fear.
   rCorr:     It protects you from acid and corrosion.
 A - +2 acid dragon scales (melded)
 G - +2 storm dragon scales
 I - +0 shadow dragon scales
 P - the orb of Kaor {*channel, rElec rPois}
   (You took it off Frederick on level 4 of the Depths)

   rElec:     It insulates you from electricity.
   rPois:     It protects you from poison
 S - quicksilver dragon scales
 U - the +2 cloak of Jokhan (melded) {rN+++}
   (You bought it in a shop on level 8 of the Dungeon)

   rN+++:     It renders you almost immune to negative energy.
 Y - +0 ice dragon scales
Magical Staves
 n - the staff of Vasyhip {rElec rF+ rCorr Dex+3 Summ Fire}
   (You found it on level 5 of the Lair of Beasts)

   [staff of fire]

   Base accuracy: +5 Base damage: 5 Base attack delay: 1.2 This weapon's minimum
   attack delay (0.6) is reached at skill level 12.
   Dex+3:     It affects your dexterity (+3).
   rF+:       It protects you from fire.
   rElec:     It insulates you from electricity.
   rCorr:     It protects you from acid and corrosion.
   Summ:      It increases the power of your Summonings spells.
   Fire:      It increases the power of your Fire spells.
   It falls into the 'Staves' category.
   It is a one-clawed weapon.
Jewellery
 k - the ring of Lesser Demons (right fist) {*Slow rF+ rCorr Slay+5 SInv}
   (You found it on level 5 of the Pits of Slime)

   [ring of protection from fire]

   Slay+5:    It affects your accuracy & damage with ranged weapons and melee
   (+5).
   rF+:       It protects you from fire.
   SInv:      It lets you see invisible.
   rCorr:     It protects you from acid and corrosion.
   *Slow:     It may slow you when you take damage.
 p - the ring "Iwkustegh" {rN+ Str+5 Dex-5}
   (You found it on level 2 of the Realm of Zot)

   [ring of positive energy]

   Str+5:     It affects your strength (+5).
   Dex-5:     It affects your dexterity (-5).
   rN+:       It protects you from negative energy.
 q - a ring of protection from fire
 s - an amulet of regeneration (around neck)
 v - a +4 ring of protection (left fist)
 z - an amulet of the acrobat
 D - a +5 ring of evasion
 Q - a ring of protection from fire
 Z - a ring of protection from cold
Talismans
 h - a storm talisman (active)
 l - a blade talisman
 u - a dragon-blood talisman
Wands
 i - a wand of digging (7)
 H - a wand of roots (44)
 X - a wand of paralysis (42)
Scrolls
 e - a scroll of fog
 g - 3 scrolls of amnesia
 j - 2 scrolls of revelation
 w - 2 scrolls of enchant armour
 y - 9 scrolls of poison
 B - a scroll of immolation
 E - 22 scrolls of teleportation
 L - a scroll of blinking
Potions
 a - a potion of magic
 d - 3 potions of resistance
 f - 5 potions of brilliance
 o - 10 potions of curing
 r - a potion of cancellation
 x - 2 potions of lignification
 C - 8 potions of berserk rage
 F - a potion of attraction
 K - 3 potions of might
 M - 3 potions of mutation
 O - 3 potions of enlightenment
 R - 4 potions of invisibility
Miscellaneous
 V - a phial of floods


   Skills:
 + Level 15.1 Fighting
 - Level 1.7 Throwing
 + Level 14.2 Dodging
 - Level 16.0 Unarmed Combat
 - Level 14.0 Invocations
 O Level 27 Shapeshifting


You had 21 spell levels left.
You didn't know any spells.
Your spell library contained the following spells:

 Spells                   Type           Power      Damage    Failure   Level
 Apportation              Tloc           0%         N/A       16%         1
 Freeze                   Ice            0%         1d3       16%         1
 Slow                     Hex            0%         N/A       16%         1
 Summon Small Mammal      Summ           0%         N/A       16%         1
 Ensorcelled Hibernation  Hex/Ice        0%         N/A       24%         2
 Mercury Vapours          Alch/Air       0%         N/A       24%         2
 Static Discharge         Conj/Air       0%         3-3/arc   24%         2
 Call Canine Familiar     Summ           0%         N/A       43%         3
 Confusing Touch          Hex            0%         N/A       43%         3
 Dazzling Flash           Conj/Hex       0%         N/A       43%         3
 Frozen Ramparts          Ice            0%         1d1       43%         3
 Fugue of the Fallen      Necr           0%         N/A       43%         3
 Gell's Gravitas          Tloc           0%         N/A       43%         3
 Hailstorm                Conj/Ice       0%         3d5       43%         3
 Inner Flame              Hex/Fire       0%         N/A       43%         3
 Mephitic Cloud           Conj/Alch/Air  0%         N/A       43%         3
 Ozocubu's Armour         Ice            0%         N/A       43%         3
 Sigil of Binding         Hex            0%         N/A       43%         3
 Teleport Other           Tloc           0%         N/A       43%         3
 Tukima's Dance           Hex            0%         N/A       43%         3
 Vampiric Draining        Necr           0%         2d6       43%         3
 Volatile Blastmotes      Fire/Tloc      0%         2d10      43%         3
 Airstrike                Air            0%         2d(0-16)  83%         4
 Anguish                  Hex/Necr       0%         N/A       83%         4
 Animate Armour           Summ/Erth      0%         N/A       83%         4
 Animate Dead             Necr           0%         N/A       83%         4
 Brom's Barrelling Bould  Conj/Erth      0%         2d3       83%         4
 Cause Fear               Hex            0%         N/A       83%         4
 Dimensional Bullseye     Hex/Tloc       0%         N/A       83%         4
 Flame Wave               Conj/Fire      0%         2d4       83%         4
 Fulminant Prism          Conj/Alch      0%         3d5       83%         4
 Iskenderun's Mystic Bla  Conj/Tloc      0%         2d3       83%         4
 Leda's Liquefaction      Alch/Erth      0%         N/A       83%         4
 Manifold Assault         Tloc           0%         N/A       83%         4
 Passage of Golubria      Tloc           0%         N/A       83%         4
 Sticky Flame             Fire/Alch      0%         2d4       83%         4
 Summon Blazeheart Golem  Fire/Summ      0%         N/A       83%         4
 Summon Lightning Spire   Summ/Air       0%         N/A       83%         4
 Fireball                 Conj/Fire      0%         3d3       99%         5
 Iskenderun's Battlesphe  Conj           0%         2d6       99%         5
 Lee's Rapid Deconstruct  Erth           0%         3d4*      99%         5
 Summon Forest            Summ/Tloc      0%         N/A       99%         5
 Summon Mana Viper        Hex/Summ       0%         N/A       99%         5
 Yara's Violent Unravell  Hex/Alch       0%         3d3       99%         5
 Bombard                  Conj/Erth      0%         9d1       100%        6
 Conjure Ball Lightning   Conj/Air       0%         3x3d6     100%        6
 Dispersal                Tloc           0%         N/A       100%        6
 Starburst                Conj/Fire      0%         6d3       100%        6
 Summon Cactus Giant      Summ           0%         N/A       100%        6
 Haunt                    Necr/Summ      0%         N/A       100%        7
 Orb of Destruction       Conj           0%         9d5       100%        7
 Spellforged Servitor     Conj/Summ      0%         N/A       100%        7
 Disjunction              Tloc           0%         N/A       100%        8
 Infestation              Necr           0%         N/A       100%        8
 Maxwell's Capacitive Co  Air            0%         ∞         100%        8
 Chain Lightning          Conj/Air       0%         N/A       100%        9
 Dragon's Call            Summ           0%         N/A       100%        9


Dungeon Overview and Level Annotations

Branches:
Dungeon (15/15)            Temple (1/1) D:4            Lair (5/5) D:8
 Shoals (4/4) Lair:2        Snake (4/4) Lair:3        Slime (5/5) Lair:4
    Orc (2/2) D:12            Elf (0/3) Orc:2        Vaults (0/5) D:14
 Depths (4/4) D:15            Zot (5/5) Depths:4     Bailey (visited)

Altars:
Ashenzari
Cheibriados
Dithmenos
Elyvilon
Fedhas
Gozag
Hepliaklqana
Kikubaaqudgha
Makhleb
Nemelex Xobeh
Okawaru
Qazlal
Ru
Sif Muna
Trog
Uskayaw
Vehumet
Wu Jian
Xom
Yredelemnul
Zin
Jiyva

Shops:
D:8 [   D:9 (   D:15 (   Orc:1 :   Orc:2 =?:*   Snake:1 *   Depths:2 ?
Depths:4 *

Portals:
Hell: Depths:1 Depths:2 Depths:3 Depths:4
Abyss: Depths:3
Pandemonium: Depths:2
Ziggurat: Depths:2

Annotations:
Snake:2 2 transporters, exclusion: orange crystal statue
Zot:3 2 transporters, Heoriaro's ghost, legendary GnFi; Muataran's ghost, veteran MiMo; stpyramids's ghost, legendary DDFi


Innate Abilities, Weirdness & Mutations

You are a lightning-filled tempest!
Your electrical attacks strike out in all directions at once.
You are incredibly evasive.
Your insubstantial body is immune to petrification, constriction, and being set on fire You are flying.
Your armour is entirely melded.
You are incapable of wielding weapons or throwing items.
You are too large for most types of armour.
You are immune to poison.
((You have claws for hands.))
Your natural rate of healing is unusually fast.
((You are covered in fur. (AC +1)))
((You have tough skin. (AC +1)))
You have a somewhat thin skeletal structure. (Dex +2, Stealth+)
Your mind is acute. (Int +4, Str/Dex -1)


Message History

As you read the scroll of blinking, it crumbles to dust.
As you read the scroll of fog, it dissolves into smoke.
An Orb Guardian comes into view.
An ancient lich comes into view.
An Orb Guardian comes into view. x2
The Orb Guardian hits you!!
* * * LOW HITPOINT WARNING * * *
The orb of fire glows yellow.
Strange energies course through your body.
You feel clumsy.
An orb of fire comes into view.
The Orb Guardian moves out of view.
Okay, then.
Okay, then.
Aiming: Blinkbolt
Press: ? - help, Q - select action, (/) - cycle Dir - move target, f - orb of fire
Aim: an orb of fire (black smoke, heavily damaged, 90% to hit)
The shock of your passage hits the orb of fire.
The orb of fire completely resists.
The orb of fire is heavily damaged.
You blink.
The orb of fire glows red.
Strange energies course through your body.
You feel stupid.
Okay, then.
You completely miss the orb of fire.
The orb of fire is heavily damaged.
You blast the Orb Guardian!!!
The Orb Guardian completely misses you.
A ghost moth comes into view.
You buffet the orb of fire!
The orb of fire is severely damaged.
You batter the Orb Guardian!! The Orb Guardian closely misses you.
You barely miss the Killer Klown. You punch the Killer Klown!!
The Killer Klown is lightly wounded.
You blast the Orb Guardian!!!
You kill the Orb Guardian!
Cheibriados thoroughly appreciates the change of pace.
You barely miss the orb of fire. The Killer Klown pies you viciously!
The klown pie hits you!!!
Lemon!
You feel unable to drink.
You die...

......#.[....#..#
#######......# .#
..........#
▓########.########
#...............#
#......[......##
#.§§§§........#
##§§§§.§.....##
#§§v§L§§....# .
##§*p§§§.^).^## ..
#.§§§§§.).)...# ...
##§§§§....).*X.# ....
##.............X.#
q...9
###...###########...#
d...Xd##.*..## #....
L.§ddp.p..### ##..
▓▓▓▓▓▓▓▓▓▓# ▓▓


You could see an orb of fire, a Killer Klown and an ancient lich.

Vanquished Creatures
  the Royal Jelly (Slime:5)
  Frederick (Depths:4)
  2 orbs of fire
  2 ancient liches
  A juggernaut (Depths:3)
  Vv (Depths:4)
  Bai Suzhen (Depths:1)
  7 golden dragons
  A curse toe (Zot:5)
  the Enchantress (Depths:3)
  Nikola (Snake:4)
  2 electric golems
  Jorgrun (D:15)
  8 tentacled monstrosities
  Rupert (D:14)
  2 liches (Depths:3)
  8 Orb Guardians (Zot:5)
  A walking frostbound tome (Depths:3)
  A walking earthen tome (Depths:3)
  6 quicksilver dragons
  2 titans
  22 acid blobs
  9 storm dragons
  6 death cobs
  Agnes (Snake:3)
  15 rockslimes
  6 shadow dragons
  4 tengu reavers
  9 azure jellies
  8 protean progenitors
  2 nagarajas
  4 draconian knights
  2 fire giants
  9 draconian shifters
  5 draconian monks
  An iron dragon (Depths:3)
  Louise (D:14)
  3 frost giants
  A ghost moth (Zot:4)
  A balrug (Depths:1)
  7 draconian scorchers
  2 draconian stormcallers
  6 formless jellyfish
  11 very ugly things
  13 quicksilver oozes
  6 draconian annihilators
  3 stone giants (Depths:3)
  4 spriggan defenders (Depths:3)
  2 vampire knights (Depths:2)
  7 black draconians
  6 yellow draconians
  7 purple draconians
  A dire elephant (D:15)
  6 green draconians
  7 white draconians
  4 red draconians
  The ghost of nefhilion the Basher, a journeyman OnWr of the Shining One (Orc:2)
  11 spark wasps
  The ghost of Steelrune the Genius of the Arcane, a journeyman GnWn of Sif Muna (D:11)
  4 ettins
  8 merfolk javelineers
  7 fire dragons
  13 merfolk impalers
  6 ice dragons
  6 great orbs of eyes
  Josephine (D:10)
  A yaktaur captain (D:14)
  Harold (D:10)
  3 rakshasas
  2 spriggan air magi
  2 catoblepae
  4 salamander tyrants
  2 hydras (D:15)
  An alligator snapping turtle (Shoals:2)
  2 vault guards (Bailey)
  5 merfolk aquamancers
  2 two-headed ogres
  2 alligators (Zot:3)
  A merfolk avatar (Shoals:3)
  3 satyrs
  8 anacondas
  4 centaur warriors
  10 boulder beetles
  The ghost of community the Fighter, a novice MiFi of Hepliaklqana (D:10)
  7 deep troll earth magi
  11 deep troll shamans
  An occultist (Depths:2)
  5 tengu warriors
  9 naga warriors
  9 naga sharpshooters
  Urug (D:12)
  A vampire mage (Depths:3)
  7 shock serpents
  14 death yaks
  5 spriggan berserkers
  A sun demon (Depths:1)
  6 skysharks
  9 hell knights
  14 iron trolls
  6 salamander mystics (Snake:4)
  2 goliath frogs (Zot:2)
  17 sea snakes
  21 deep trolls
  11 mana vipers
  8 skeletal warriors
  Pikel (D:6)
  A glowing orange brain (Slime:5)
  The ghost of drollins the Trooper, a novice MiBe of Trog (D:6)
  3 naga ritualists
  2 necromancers (Depths:4)
  2 phantasmal warriors (Depths:2)
  10 lindwurms
  2 orc knights
  22 harpies
  3 deep elf pyromancers
  12 manticores
  23 ugly things
  An oklob plant (Lair:1)
  22 salamanders
  3 cyclopes
  12 shining eyes
  12 fauns
  A wolf spider (D:15)
  14 moths of wrath
  10 kobold blastminers
  9 merfolk sirens
  5 elephants (Lair:1)
  12 water nymphs
  6 guardian serpents
  A smoke demon (Depths:1)
  34 black mambas
  12 naga magi
  An eye of devastation (Slime:5)
  An eye of devastation (shapeshifter) (Depths:3)
  3 rime drakes
  Maggie (D:10)
  12 cane toads
  2 gargoyles
  A komodo dragon (shapeshifter) (D:15)
  2 kobold demonologists (D:9)
  An efreet (D:15)
  2 yaktaurs (D:14)
  9 komodo dragons
  2 tengu conjurers
  5 trolls
  Psyche (D:10)
  37 merfolk
  11 wind drakes
  9 hornets
  5 polar bears
  18 blink frogs
  Grinder (D:5)
  9 dream sheep
  Prince Ribbit (D:6)
  A glass eye (Depths:3)
  5 snapping turtles
  101 slime creatures
  A centaur simulacrum (D:14)
  2 wyverns
  19 spriggans
  8 air elementals (Shoals:4)
  14 water elementals
  2 golden eyes (Slime:4)
  7 humans (Bailey)
  9 wraiths
  58 yaks
  Grum (D:8)
  2 wargs
  5 basilisks
  Menkaure (D:5)
  11 vampire mosquitoes
  39 nagas
  Edmund (D:5)
  3 acid dragons
  20 water moccasins
  6 black bears
  An ice beast (D:5)
  3 sky beasts (D:7)
  32 orc warriors
  9 ogres
  36 wolves
  3 boggarts (Lair:5)
  10 centaurs
  A lemure (D:6)
  Blork the orc (D:6)
  4 kobold brigands
  3 gnoll sergeants
  3 scorpions
  20 bullfrogs
  4 wights (D:7)
  6 killer bees (D:8)
  9 howler monkeys
  2 bombardier beetles (D:5)
  7 hounds
  24 orc priests
  7 jellies
  10 iguanas
  A sleepcap (D:6)
  Natasha (thrice) (D:2)
  15 orc wizards
  20 gnolls
  8 adders
  A white imp (D:6)
  2 ribbon worms (D:3)
  5 dart slugs
  85 orcs
  11 endoplasms
  2 giant cockroaches (D:1)
  14 goblins
  8 hobgoblins
  5 jackals
  27 kobolds
  8 quokkas
  3 training dummies (D:15)
  3 ball pythons
  2 bats (D:1)
  6 frilled lizards
  9 rats
  3 aspiring fleshes (Zot:1)
  3 spectral weapons
1654 creatures vanquished.

Vanquished Creatures (collateral kills)
  A draconian knight (Zot:2)
  A protean progenitor (Zot:2)
  A draconian monk (Zot:2)
  A draconian scorcher (Zot:2)
  2 draconian stormcallers (Zot:2)
  2 anacondas
  A naga warrior (Snake:4)
  A naga sharpshooter (Snake:4)
  A cyclops (Shoals:3)
  A salamander (Snake:4)
  A naga mage (Snake:2)
  2 black mambas (Snake:3)
  6 merfolk (Shoals:3)
  A naga (Snake:2)
  3 bullfrogs (Bailey)
25 creatures vanquished.

Vanquished Creatures (others)
  A curse toe (Zot:2)
  A draconian knight (Zot:4)
  A naga (Snake:4)
  3 orc wizards
6 creatures vanquished.

Grand Total: 1685 creatures vanquished

Notes
Turn   | Place    | Note
-------+----------+-------------------------------------------
     0 | D:1      | AgateBread the Troll Gladiator began the quest for the Orb.
     0 | D:1      | Reached XP level 1. HP: 19/19 MP: 0/0
   252 | D:1      | Reached XP level 2. HP: 28/28 MP: 1/1
   786 | D:1      | Found a faded altar of an unknown god.
   841 | D:2      | Reached XP level 3. HP: 31/36 MP: 2/2
  1264 | D:2      | Noticed Natasha
  1277 | D:2      | Killed Natasha
  1278 | D:2      | Reached XP level 4. HP: 36/45 MP: 3/3
  1662 | D:2      | Noticed Natasha
  1672 | D:2      | Killed Natasha
  1796 | D:2      | Noticed Natasha
  1804 | D:2      | Killed Natasha
  2155 | D:3      | Reached XP level 5. HP: 54/54 MP: 4/4
  2788 | D:4      | Found a staircase to the Ecumenical Temple.
  2793 | Temple   | Entered the Ecumenical Temple
  2846 | Temple   | Became a worshipper of Cheibriados the Contemplative
  2979 | D:4      | Noticed an ogre
  2985 | D:4      | Reached skill level 5 in Fighting
  2985 | D:4      | Reached XP level 6. HP: 53/66 MP: 5/5
  3049 | D:4      | Reached * piety under Cheibriados
  3273 | D:4      | Reached XP level 7. HP: 63/75 MP: 6/6
  3733 | D:5      | Entered Level 5 of the Dungeon
  3787 | D:5      | Noticed Menkaure
  3804 | D:5      | Killed Menkaure
  3892 | D:5      | Noticed Edmund
  3897 | D:5      | Killed Edmund
  3945 | D:5      | Reached XP level 8. HP: 88/88 MP: 7/7
  4023 | D:5      | Noticed Grinder
  4029 | D:5      | Reached ** piety under Cheibriados
  4037 | D:5      | Paralysed by Grinder for 4 turns
  4045 | D:5      | Killed Grinder
  4046 | D:5      | Reached skill level 1 in Shapeshifting
  4047 | D:5      | Reached skill level 2 in Shapeshifting
  4154 | D:6      | Noticed Prince Ribbit
  4167 | D:6      | Killed Prince Ribbit
  4168 | D:6      | Reached skill level 5 in Unarmed Combat
  4168 | D:6      | Reached skill level 3 in Shapeshifting
  4221 | D:6      | Reached skill level 4 in Shapeshifting
  4246 | D:6      | Noticed Pikel
  4261 | D:6      | Killed Pikel
  4262 | D:6      | Reached XP level 9. HP: 85/96 MP: 8/8
  4307 | D:6      | Reached skill level 5 in Shapeshifting
  4311 | D:6      | Found a runed translucent door.
  4322 | D:6      | Noticed drollins's ghost (novice MiBe)
  4347 | D:6      | Killed drollins's ghost
  4347 | D:6      | Reached *** piety under Cheibriados
  4429 | D:6      | Noticed Blork the orc
  4437 | D:6      | Killed Blork the orc
  4851 | D:7      | Reached skill level 6 in Shapeshifting
  5103 | D:7      | Paralysed by a hornet for 2 turns
  5108 | D:7      | Reached skill level 7 in Shapeshifting
  5108 | D:7      | Reached XP level 10. HP: 70/104 MP: 9/9
  5135 | D:7      | Reached **** piety under Cheibriados
  5538 | D:7      | Found a shimmering blue altar of Sif Muna.
  5954 | D:7      | Found a glowing silver altar of Zin.
  6119 | D:8      | Found Iraliun's Antique Armour Shoppe.
  6144 | D:8      | Noticed Grum
  6150 | D:8      | Reached skill level 8 in Shapeshifting
  6164 | D:7      | Reached ***** piety under Cheibriados
  6255 | D:8      | Killed Grum
  6260 | D:8      | Found a flagged portal.
  6274 | Bailey   | Entered a bailey
  6294 | Bailey   | Reached skill level 10 in Unarmed Combat
  6411 | Bailey   | Reached skill level 9 in Shapeshifting
  6471 | Bailey   | Noticed a vault guard
  6483 | Bailey   | Killed a vault guard
  6484 | Bailey   | Reached XP level 11. HP: 65/111 MP: 10/10
  6663 | Bailey   | Noticed a vault guard
  6674 | Bailey   | Killed a vault guard
  6896 | D:8      | Found a staircase to the Lair.
  6984 | D:8      | Found an ornate altar of the Wu Jian Council.
  7068 | D:8      | Noticed a purple ugly thing
  7075 | D:8      | Killed a purple ugly thing
  7076 | D:8      | Reached skill level 10 in Shapeshifting
  7953 | D:9      | Found Ypsol's Weapon Shoppe.
  8060 | D:9      | Reached ****** piety under Cheibriados
  8235 | D:9      | Reached skill level 11 in Shapeshifting
  8491 | Lair:1   | Entered Level 1 of the Lair of Beasts
  8499 | Lair:1   | Noticed a death yak
  8511 | D:8      | Killed a death yak
  8654 | Lair:1   | Noticed a death yak
  8658 | Lair:1   | Noticed a death yak
  8664 | Lair:1   | Killed a death yak
  8665 | Lair:1   | Reached skill level 12 in Shapeshifting
  8665 | Lair:1   | Reached XP level 12. HP: 113/119 MP: 11/11
  8665 | Lair:1   | Noticed a death yak
  8666 | Lair:1   | Noticed a death yak
  8668 | Lair:1   | Killed a death yak
  8675 | Lair:1   | Killed a death yak
  8680 | Lair:1   | Killed a death yak
  8830 | Lair:1   | Reached skill level 13 in Shapeshifting
  9008 | Lair:1   | Reached skill level 14 in Shapeshifting
  9782 | Lair:1   | Got the Handbook of Akashic Weather
  9820 | Lair:1   | Identified a scroll of acquirement
  9820 | Lair:1   | Acquired a manual of Fighting
  9874 | Lair:2   | Noticed a death yak
  9875 | Lair:2   | Noticed a death yak
  9880 | Lair:2   | Killed a death yak
  9884 | Lair:2   | Killed a death yak
  9885 | Lair:2   | Reached XP level 13. HP: 132/132 MP: 12/12
  9999 | Lair:2   | Reached skill level 10 in Fighting
 10302 | Lair:2   | Found a staircase to the Shoals.
 10498 | Lair:2   | Found a sacrificial altar of Ru.
 11072 | Lair:3   | Found a staircase to the Snake Pit.
 11747 | Lair:4   | Found a staircase to the Slime Pits.
 11747 | Lair:4   | Found a viscous altar of Jiyva.
 12349 | Lair:5   | Entered Level 5 of the Lair of Beasts
 12551 | Lair:5   | Reached skill level 1 in Invocations
 12871 | Lair:5   | Reached XP level 14. HP: 26/157 MP: 14/14
 12917 | Lair:5   | Reached skill level 15 in Shapeshifting
 13204 | Lair:5   | Reached skill level 5 in Invocations
 13756 | Lair:5   | Identified the staff of Vasyhip {rElec rF+ rCorr Dex+3 Summ
                  | Fire}
 14010 | D:10     | Entered Level 10 of the Dungeon
 14010 | D:10     | Noticed Maggie
 14013 | D:10     | Killed Maggie
 14089 | D:10     | Noticed Psyche
 14092 | D:10     | Killed Psyche
 14114 | D:10     | Noticed Harold
 14121 | D:10     | Killed Harold
 14292 | D:10     | Noticed community's ghost (novice MiFi)
 14308 | D:10     | Found a runed translucent door.
 14355 | D:10     | Killed community's ghost
 14627 | D:10     | Noticed Josephine
 14633 | D:10     | Killed Josephine
 15185 | D:11     | Found a runed translucent gate.
 15186 | D:11     | Found a runed translucent gate.
 15186 | D:11     | Found a runed translucent gate.
 15187 | D:11     | Noticed Steelrune's ghost (journeyman GnWn)
 15653 | D:11     | Found a viscous altar of Jiyva.
 15716 | D:12     | Reached skill level 16 in Shapeshifting
 15774 | D:12     | Found a staircase to the Orcish Mines.
 15844 | D:12     | You fall into a shaft and drop 1 floor!
 16312 | D:13     | Reached XP level 15. HP: 165/165 MP: 20/20
 16755 | D:12     | Noticed Urug
 16758 | D:12     | Killed Urug
 17011 | Orc:1    | Entered Level 1 of the Orcish Mines
 17047 | Orc:1    | Noticed a kraken
 17112 | Orc:1    | Found Tailucymp's Book Shoppe.
 17394 | Orc:1    | Reached skill level 10 in Invocations
 17554 | Orc:2    | Entered Level 2 of the Orcish Mines
 17554 | Orc:2    | Noticed nefhilion's ghost (journeyman OnWr)
 17554 | Orc:2    | Found a runed translucent door.
 17826 | Orc:2    | Found a staircase to the Elven Halls.
 18220 | Orc:2    | Killed nefhilion's ghost
 18363 | Orc:2    | Found Reojuhoa's Magic Scroll Shoppe.
 18363 | Orc:2    | Found Tethrax's Book Boutique.
 18363 | Orc:2    | Found Unnappar's General Store.
 18368 | Orc:2    | Found Ijytamm's Jewellery Emporium.
 18726 | Snake:1  | Entered Level 1 of the Snake Pit
 18756 | Snake:1  | Reached skill level 5 in Dodging
 19581 | Snake:1  | Found Dungudow's Overcharged Wands.
 19996 | Snake:1  | Reached skill level 17 in Shapeshifting
 21072 | Snake:2  | Identified the amulet of Free Will {RegenMP rElec rPois rN+
                  | Dex+3}
 21079 | Snake:2  | Found a transporter.
 21108 | Snake:2  | Noticed a nagaraja
 21124 | Snake:2  | Reached XP level 16. HP: 151/174 MP: 22/22
 21261 | Snake:2  | Found a transporter.
 21414 | Snake:3  | Found a hide-covered altar of Uskayaw.
 21451 | Snake:3  | Reached skill level 18 in Shapeshifting
 21960 | Snake:3  | Noticed Agnes
 21976 | Snake:3  | Killed Agnes
 21980 | Snake:3  | HP: 10/208 [salamander (12)]
 22443 | Snake:4  | Entered Level 4 of the Snake Pit
 23328 | Snake:4  | Reached skill level 19 in Shapeshifting
 23342 | Snake:4  | Found a blossoming altar of Fedhas.
 23367 | Snake:4  | Noticed Nikola
 23686 | Snake:4  | Killed Nikola
 24567 | Snake:4  | Reached skill level 20 in Shapeshifting
 24645 | Snake:4  | Reached XP level 17. HP: 124/182 MP: 23/23
 24688 | Snake:4  | Got a serpentine rune of Zot
 24925 | Shoals:1 | Entered Level 1 of the Shoals
 25401 | Shoals:1 | Noticed a kraken
 25441 | Shoals:1 | Reached skill level 21 in Shapeshifting
 25696 | Shoals:2 | Found a blossoming altar of Fedhas.
 25863 | Shoals:2 | Found a shadowy altar of Dithmenos.
 26517 | Shoals:3 | Found a glowing silver altar of Zin.
 26749 | Shoals:3 | Reached skill level 22 in Shapeshifting
 26817 | Shoals:3 | Found Viuchefuoj's General Store.
 27540 | Shoals:4 | Entered Level 4 of the Shoals
 27583 | Shoals:4 | Found a stormy altar of Qazlal.
 27630 | Shoals:4 | Paralysed by an air elemental for 1 turns
 27633 | Shoals:4 | Paralysed by an air elemental for 1 turns
 27791 | Shoals:4 | Paralysed by an air elemental for 1 turns
 27792 | Shoals:4 | Reached XP level 18. HP: 119/191 MP: 24/24
 28063 | Shoals:4 | Reached skill level 23 in Shapeshifting
 28469 | Shoals:4 | Identified the +8 trident of the Ass {freeze, rPois Int+3
                  | Dex-5}
 28754 | Shoals:4 | Paralysed by an air elemental for 1 turns
 28996 | Shoals:4 | Got a barnacled rune of Zot
 29041 | Shoals:4 | Acquired 1168 gold pieces
 29667 | D:8      | Bought glowing storm dragon scales for 2490 gold pieces
 29667 | D:8      | Bought a faintly glowing cloak for 285 gold pieces
 29667 | D:8      | Identified the +2 cloak of Jokhan {rN+++} (You bought it in
                  | a shop on level 8 of the Dungeon)
 29826 | Slime:1  | Entered Level 1 of the Pits of Slime
 29840 | Slime:1  | Gained mutation: Armour fits poorly on your strangely
                  | shaped body. [a shining eye]
 30163 | Snake:2  | Lost mutation: Armour fits poorly on your strangely shaped
                  | body. [potion of mutation]
 30163 | Snake:2  | Gained mutation: You have sharp toenails. [potion of
                  | mutation]
 30163 | Snake:2  | Gained mutation: You have a somewhat thin skeletal
                  | structure. (Dex +2, Stealth+) [potion of mutation]
 31540 | Slime:3  | Lost mutation: You have a somewhat thin skeletal structure.
                  | (Dex +2, Stealth+) [a shining eye]
 32309 | Slime:5  | Entered Level 5 of the Pits of Slime
 32358 | Slime:5  | Gained mutation: Your magical capacity is low. (-10% MP) [a
                  | shining eye]
 32652 | Slime:5  | Gained mutation: You are robust. (+10% HP) [a shining eye]
 32662 | Slime:5  | HP: 10/210 [acid blob/splash of acid (22)]
 32670 | Slime:5  | HP: 10/210 [acid (7)]
 32683 | Slime:5  | Gained mutation: You occasionally lose the ability to read
                  | scrolls when taking damage. [a shining eye]
 32866 | Slime:3  | Reached XP level 19. HP: 217/217 MP: 22/22
 32878 | Slime:3  | Gained mutation: Your body sometimes deteriorates upon
                  | taking damage. [a shining eye]
 33094 | Snake:2  | Lost mutation: Your body sometimes deteriorates upon taking
                  | damage. [potion of mutation]
 33094 | Snake:2  | Lost mutation: Your magical capacity is low. (-10% MP)
                  | [potion of mutation]
 33094 | Snake:2  | Gained mutation: You occasionally shout uncontrollably at
                  | your foes. [potion of mutation]
 33094 | Snake:2  | Gained mutation: You have a pair of small horns on your
                  | head. [potion of mutation]
 33094 | Snake:2  | Gained mutation: You have hidden genetic potential. [potion
                  | of mutation]
 33424 | Slime:5  | Gained mutation: Armour fits poorly on your strangely
                  | shaped body. [a shining eye]
 33426 | Slime:5  | Lost mutation: You are robust. (+10% HP) [a shining eye]
 33540 | Slime:5  | Reached skill level 10 in Dodging
 33550 | Slime:5  | Reached skill level 15 in Unarmed Combat
 33628 | Slime:5  | Gained mutation: Your spells are a little easier to cast,
                  | but a little less powerful. [a shining eye]
 33681 | Slime:5  | Noticed the Royal Jelly
 33694 | Slime:5  | Killed the Royal Jelly
 33855 | Slime:5  | Got a slimy rune of Zot
 33856 | Slime:5  | Identified the ring of Lesser Demons {*Slow rF+ rCorr
                  | Slay+5 SInv}
 33934 | Slime:5  | Got the Verses on Viperous Weather
 33971 | Slime:5  | Got the Volume of the Geometric Rocks
 34011 | Slime:5  | Identified the +5 ring mail of Caroila {rPois}
 34068 | Slime:5  | Lost mutation: You have sharp toenails. [potion of
                  | mutation]
 34068 | Slime:5  | Lost mutation: You have a pair of small horns on your head.
                  | [potion of mutation]
 34068 | Slime:5  | Lost mutation: Your spells are a little easier to cast, but
                  | a little less powerful. [potion of mutation]
 34068 | Slime:5  | Gained mutation: You have a somewhat thin skeletal
                  | structure. (Dex +2, Stealth+) [potion of mutation]
 34068 | Slime:5  | Lost mutation: You occasionally shout uncontrollably at
                  | your foes. [potion of mutation]
 34542 | D:11     | Killed Steelrune's ghost
 34698 | D:14     | Noticed Rupert
 34700 | D:14     | Paralysed by Rupert for 2 turns
 34706 | D:14     | Killed Rupert
 34719 | D:14     | Noticed Louise
 34723 | D:14     | Killed Louise
 34743 | D:14     | Identified the +6 morningstar of Calculation {antimagic,
                  | rC++}
 34874 | D:14     | Lost mutation: You have hidden genetic potential. [potion
                  | of mutation]
 34874 | D:14     | Lost mutation: Armour fits poorly on your strangely shaped
                  | body. [potion of mutation]
 34874 | D:14     | Lost mutation: You occasionally lose the ability to read
                  | scrolls when taking damage. [potion of mutation]
 34874 | D:14     | Gained mutation: You have hidden genetic potential. [potion
                  | of mutation]
 34874 | D:14     | Gained mutation: You are agile. (Dex +4, Str/Int -1)
                  | [potion of mutation]
 34891 | D:14     | Found a gate to the Vaults.
 35337 | D:15     | Entered Level 15 of the Dungeon
 35350 | D:15     | Found Vyvvoll's Firing Range.
 35416 | D:15     | Noticed Jorgrun
 35418 | D:15     | Killed Jorgrun
 35509 | D:15     | Found a staircase to the Depths.
 35575 | D:15     | Found an ancient bone altar of Kikubaaqudgha.
 35964 | Depths:1 | Entered Level 1 of the Depths
 36051 | Depths:1 | Found a hide-covered altar of Uskayaw.
 36246 | Depths:1 | Found a gateway to Hell.
 36645 | Depths:1 | Reached XP level 20. HP: 208/208 MP: 26/26
 36713 | Depths:1 | Noticed Bai Suzhen
 36727 | Depths:1 | Killed Bai Suzhen
 37098 | Depths:2 | Found Rais's Magic Scroll Emporium.
 37102 | Depths:2 | Bought a scroll of fog for 64 gold pieces
 37102 | Depths:2 | Bought a scroll of teleportation for 48 gold pieces
 37102 | Depths:2 | Bought a scroll of enchant armour for 120 gold pieces
 37235 | Depths:2 | Found a one-way gate leading to the halls of Pandemonium.
 37253 | Depths:2 | Found a one-way gateway to a ziggurat.
 37253 | Depths:2 | Noticed an ancient lich
 37303 | Depths:2 | Reached skill level 24 in Shapeshifting
 38204 | Depths:2 | Killed an ancient lich
 38547 | Depths:3 | Noticed a juggernaut
 38552 | Depths:3 | Gained mutation: Your mind is acute. (Int +4, Str/Dex -1)
                  | [hidden potential]
 38557 | Depths:3 | Killed a juggernaut
 38597 | Depths:3 | Identified the ring of Wustrum {Fire MP+9}
 38698 | Depths:3 | Reached skill level 25 in Shapeshifting
 38811 | Depths:3 | Noticed a golden dragon
 38820 | Depths:3 | Killed a golden dragon
 38822 | Depths:3 | Noticed the Enchantress
 38827 | Depths:3 | Reached XP level 21. HP: 114/215 MP: 27/27
 38831 | Depths:3 | Killed the Enchantress
 39162 | Depths:3 | Found a one-way gate to the infinite horrors of the Abyss.
 39746 | Depths:4 | Entered Level 4 of the Depths
 39753 | Depths:4 | Found Oziqups's Neck Hole.
 39846 | Depths:4 | Noticed Vv
 39856 | Depths:4 | Killed Vv
 39961 | Depths:4 | Identified the orb of Kaor {*channel, rElec rPois}
 39961 | Depths:4 | Noticed Frederick
 39971 | Depths:4 | Killed Frederick
 40010 | Depths:4 | Reached skill level 26 in Shapeshifting
 40171 | Depths:4 | Noticed a golden dragon
 40178 | Depths:4 | Killed a golden dragon
 40203 | Depths:4 | Found a gate to the Realm of Zot.
 40714 | Zot:1    | Entered Level 1 of the Realm of Zot
 40756 | Zot:1    | Gained mutation: Your mind is very acute. (Int +8, Str/Dex
                  | -2) [hidden potential]
 40756 | Zot:1    | Lost mutation: You have hidden genetic potential. [hidden
                  | potential expressed]
 41156 | Zot:1    | Noticed a golden dragon
 41169 | Zot:1    | Killed a golden dragon
 41508 | Zot:1    | Identified the +1 ring mail "Ecechoh" {rC++ Str-4 Dex+3}
 41588 | Zot:1    | Noticed a golden dragon
 41593 | Zot:1    | Killed a golden dragon
 41967 | Zot:2    | Found a transporter.
 41967 | Zot:2    | Noticed a curse toe
 41996 | Zot:2    | Reached skill level 27 in Shapeshifting
 42197 | Zot:2    | Noticed an ancient lich
 42247 | Zot:2    | Found a radiant altar of Vehumet.
 42405 | Zot:2    | Noticed an orb of fire
 42632 | Zot:2    | Reached XP level 22. HP: 224/224 MP: 29/29
 42637 | Zot:2    | Killed an orb of fire
 42643 | Zot:2    | Killed an ancient lich
 42645 | Zot:2    | Killed a curse toe
 42661 | Zot:2    | HP: 2/224 [yellow draconian annihilator/crystal spear (60)]
 42667 | Zot:2    | HP: 5/224 [red draconian scorcher/damnation (20)]
 42786 | Zot:2    | Found a transporter.
 42827 | Zot:2    | Identified the ring "Iwkustegh" {rN+ Str+5 Dex-5}
 43111 | Zot:3    | Noticed an ancient lich
 43112 | Zot:3    | Noticed Muataran's ghost (veteran MiMo)
 43114 | Zot:3    | Noticed stpyramids's ghost (legendary DDFi)
 43147 | Zot:3    | Found an opulent altar of Gozag.
 43167 | Zot:3    | Found an opulent altar of Gozag.
 43199 | Zot:3    | Found an opulent altar of Gozag.
 43281 | Zot:3    | Identified the +4 orcbow of Rezefrit {speed, rC+ Str-2
                  | SInv}
 43294 | Zot:3    | Noticed Heoriaro's ghost (legendary GnFi)
 43302 | Zot:3    | Found a transporter.
 43308 | Zot:3    | Found a transporter.
 43476 | Zot:4    | Noticed a golden dragon
 43479 | Zot:4    | Killed a golden dragon
 43480 | Zot:4    | Noticed a golden dragon
 43485 | Zot:4    | Killed a golden dragon
 44028 | Zot:4    | Noticed a golden dragon
 44035 | Zot:4    | Killed a golden dragon
 44351 | Zot:5    | Entered Level 5 of the Realm of Zot
 44476 | Zot:5    | Noticed an orb of fire
 44479 | Zot:5    | Killed an orb of fire
 44493 | Zot:5    | Noticed a curse toe
 44499 | Zot:5    | Killed a curse toe
 44507 | Zot:5    | Reached skill level 15 in Fighting
 44587 | Zot:5    | Noticed an orb of fire
 44588 | Zot:5    | Noticed a Killer Klown
 44592 | Zot:5    | Noticed an ancient lich
 44596 | Zot:5    | Noticed an ancient lich
 44599 | Zot:5    | Noticed an ancient lich
 44600 | Zot:5    | Lost mutation: You are agile. (Dex +4, Str/Int -1) [an orb
                  | of fire]
 44600 | Zot:5    | Noticed an orb of fire
 44601 | Zot:5    | Lost mutation: Your mind is very acute. (Int +8, Str/Dex
                  | -2) [an orb of fire]
 44604 | Zot:5    | Killed from afar by a Killer Klown

Illustrated notes

Levels and vault maps discovered:
D:1:      noname_arrival_rooms_in_the_neighbourhood, layout_basic,
          dreamdust_ecumenical_altar_hidden_monk_grotto,
          chequers_serial_rivers_small_b, minmay_indecisive_spiral
D:2:      layout_rooms, uniq_natasha
D:3:      layout_loops_ring
D:4:      minmay_door_path, layout_basic, temple_doors_e
D:5:      layout_rooms, tso_altar, chequers_serial_rivers_room_a, uniq_edmund,
          uniq_menkaure, uniq_grinder
D:6:      layout_rooms, ebering_ghost_reflecting_pool, uniq_pikel,
          uniq_prince_ribbit1, uniq_blork_the_orc
D:7:      minmay_octagon_keep, layout_layer_cave,
          nicolae_overflow_hidden_temple, minivault_19, minmay_lizard_king
D:8:      layout_basic, mainiacjoe_overflow_paths, due_lair_maze_entry_diamond,
          serial_shops, shop, enter_bailey_5, hangedman_decor_clover_reticule,
          uniq_grum
D:9:      layout_loops_ring, serial_shops, nicolae_shop_advertising_works
          [nicolae_subvault_shop_adworks]
D:10:     layout_basic, hellmonk_ghost_happy_afterlife, minivault_19,
          uniq_harold, uniq_maggie, uniq_psyche, uniq_josephine
D:11:     layout_irregular_city, gammafunk_ghost_ooze
D:12:     layout_roguey, hiddenorc2_lemuel, uniq_urug
D:13:     layout_big_octagon
D:14:     layout_roguey, david_vaults_2, amethyst_killhole, uniq_louise,
          uniq_rupert
D:15:     hangedman_depths_entry_try_elsewhere_first, layout_rooms,
          kiku_gazebo_garden_becter, nicolae_shop_firing_range, uniq_jorgrun
Temple:   regret_index_temple_mists
Lair:1:   layout_gridlike, enter_volcano_1, minmay_lair_oklob_items,
          serial_bayou_shore_b
Lair:2:   layout_regular_city, elwin_shoals_entry_rooms, basic_altar,
          wad_woods_02
Lair:3:   layout_regular_city, dummy_snake_entry, minmay_hedge_maze
Lair:4:   layout_loops_ring, nicolae_slime_entry_slimehenge
Lair:5:   minmay_lair_end_enchanted_forest, layout_hall_layers,
          minmay_lindwurm_lava
Shoals:1: layout_shoals
Shoals:2: layout_shoals, hangedman_feature_mirror
Shoals:3: layout_shoals, serial_shops, nicolae_shop_real_fake_doors,
          lemuel_altar_in_water, nicolae_shoals_flooded_hall
Shoals:4: shoals_end_hellmonk_storm_palace [storm_palace_center_circular,
          storm_palace_corner_grid, storm_palace_corner_narrow,
          storm_palace_corner_blocked, storm_palace_corner_altar]
Snake:1:  layout_chambers, nicolae_shop_overcharged_wands
Snake:2:  gammafunk_sealed_arena, layout_grid_shapes
Snake:3:  layout_misc_corridors, basic_altar, st_stairs_12, uniq_agnes
Snake:4:  snake_pit_salamanders_mu, layout_misc_corridors, basic_altar,
          uniq_nikola
Slime:1:  layout_caves, nicolae_slime_barrier
Slime:2:  layout_caves
Slime:3:  layout_caves
Slime:4:  layout_caves
Slime:5:  slime_pit_nicolae_royal_road_to_ruin
Orc:1:    layout_diamond_mine, serial_shops,
          nicolae_shop_competitors_out_of_business,
          mainiacjoe_minedec_watcher_in_the_water
Orc:2:    st_orc_rangers, layout_caves, ebering_ghost_inner_flame,
          nicolae_orc_crystal_seam
Depths:1: layout_honeycomb, lightli_too_deep, grunt_decor_cap,
          nicolae_uskayaw_dance_hall, uniq_bai_suzhen
Depths:2: cheibrodos_tormentor_scu, layout_gridville, enter_ziggurat_c,
          serial_shops, nicolae_shop_rolled_up, hell_entry, pan_entry,
          kennysheep_flooded_box, minivault_11
Depths:3: minmay_swirls_squares, layout_cave_pools, hell_entry, abyss_entry,
          serial_bayou_shore_b, uniq_enchantress
Depths:4: grunt_zot_entry_alcove, layout_basic, skrybe_limestone_x, hell_entry,
          columned_hall_lemuel, nicolae_shop_sticking_my_neck_out, uniq_vv,
          uniq_frederick
Zot:1:    layout_concentric_octagons, regret_index_zotdec_misc_clamp
Zot:2:    gammafunk_sealed_library, layout_misc_corridors, lemuel_elevator,
          uniq_josephina
Zot:3:    layout_misc_corridors, nzn_ghost_randoct,
          regret_index_zotdec_silver_v_v_loose
Zot:4:    layout_misc_corridors, hangedman_zot_gyre
Zot:5:    layout_basic, ebering_ghost_disaster_area, nicolae_diode_stairs

Skill      XL: |  1  2  3  4  5  6  7  8  9 10 11 12 13 14 15 16 17 18 19 20 21 22 |
---------------+-------------------------------------------------------------------+-----
Fighting       | 2 3 4 5 6 7 8 9 14 15 | 15.1
Unarmed Combat | 6 8 10 12 14 16 | 16.0
Shapeshifting  | 4 7 9 12 14 16 17 20 22 23 25 27 | 27.0
Invocations    | 2 8 10 11 14 | 14.0
Dodging        | 6 9 12 14 | 14.2
Throwing       | |  1.7

Action                     |  1- 3 |  4- 6 |  7- 9 | 10-12 | 13-15 | 16-18 | 19-21 | 22-24 || total
---------------------------+-------+-------+-------+-------+-------+-------+-------+-------++-------
  Melee: Unarmed           |   115 |   108 |   211 |   520 |   832 |   823 |   678 |   220 ||  3507
         Punch             |     2 |     3 |     5 |    13 |       |    74 |    82 |    30 ||   209
         Constrict         |       |       |       |    44 |   214 |    52 |       |       ||   310
         Kick              |       |       |       |       |       |    18 |       |       ||    18
  Throw: Large rock        |       |       |       |     1 |       |       |       |       ||     1
 Invoke: Slouch            |       |       |       |     1 |    16 |    11 |       |     1 ||    29
         Step From Time    |       |       |       |       |     1 |     4 |     1 |     1 ||     7
Ability: Blinkbolt         |       |       |       |       |       |    25 |    14 |     5 ||    44
  Evoke: Wand              |       |       |    12 |    12 |     3 |     1 |     1 |     1 ||    30
         Phial of floods   |       |       |       |       |       |     1 |       |       ||     1
    Use: Scroll            |       |     4 |     4 |    10 |    15 |    20 |     3 |     3 ||    59
         Potion            |       |       |     1 |       |     6 |     8 |     6 |     3 ||    24
   Stab: Sleeping          |       |     3 |       |     1 |     8 |     1 |     7 |     2 ||    22
         Distracted        |       |       |       |       |     1 |     2 |     2 |     1 ||     6
         Paralysed         |       |       |       |       |     1 |       |       |       ||     1
 Armour: Robe              |    65 |    87 |   235 |   176 |       |       |       |       ||   563
         Skin              |       |       |    36 |   274 |   951 |   594 |   293 |    89 ||  2237
         Acid dragon scale |       |       |       |    44 |       |    61 |       |       ||   105
  Dodge: Dodged            |    65 |    56 |   124 |   400 |   634 |  1488 |  1113 |   336 ||  4216
   Form: Flux              |       |       |       |     1 |       |       |       |       ||     1
                           |       |       |       |     1 |     1 |       |       |       ||     2
         Serpent           |       |       |       |     1 |     1 |       |       |       ||     2
         Storm             |       |       |       |       |       |     2 |       |       ||     2
         Blade             |       |       |       |       |       |     1 |       |       ||     1
